[Event "2024 Fred Maris Cup (Division A)"]
[Site "Woodvale, Perth WA AUS"]
[Date "2024.07.11"]
[Round "4"]
[White "Taylor, Leon"]
[Black "Plaganyi, Gyula"]
[Result "0-1"]
[ECO "A22"]
[WhiteElo "2098"]
[BlackElo "2017"]
[BlackTitle "CM"]
[PlyCount "82"]
[EventDate "2024.06.12"]
[EventType "tourn"]
[EventRounds "5"]
[EventCountry "AUS"]
[TimeControl "3600+30"]

{Played at Metro Chess Club} 1. c4 e5 2. Nc3 Nf6 3. Nf3 e4 4. Ng5 c6 5. Ngxe4
Nxe4 6. Nxe4 d5 7. cxd5 cxd5 8. Nc3 d4 9. Nb1 Bd7 10. e4 Bd6 11. d3 O-O 12. g3
Nc6 13. f4 Rc8 14. a3 Qa5+ 15. Bd2 Qa6 16. Be2 Be6 17. O-O Qb6 18. b4 a5 19. e5
Be7 20. f5 Bd5 21. f6 Bd8 22. Bg4 Ra8 23. Rf5 g6 24. Bh6 Re8 25. Qd2 Nxe5 26.
Bg7 Nxg4 27. Rxd5 Nxf6 28. Bxf6 Qxf6 29. Qf2 Re3 30. Qxf6 Bxf6 31. bxa5 Rxd3
32. Rb5 Rd1+ 33. Kf2 d3 34. Ra2 Rc8 35. Rxb7 Rc2+ 36. Ke3 Rxa2 37. a6 Re2+ 38.
Kf3 Bd4 39. Nc3 Rf1+ 40. Kg4 h5+ 41. Kh3 Re8 0-1

[Event "2024 Fred Maris Cup (Division B)"]
[Site "Woodvale, Perth WA AUS"]
[Date "2024.07.03"]
[Round "4"]
[White "Janceski, Alex"]
[Black "Wolstencroft, Alan"]
[Result "0-1"]
[ECO "B50"]
[WhiteElo "1891"]
[BlackElo "1864"]
[PlyCount "64"]
[EventDate "2024.06.12"]
[EventType "tourn"]
[EventRounds "5"]
[EventCountry "AUS"]
[TimeControl "3600+30"]

1. e4 c5 2. c3 Nc6 3. Nf3 d6 4. h3 Nf6 5. d3 g6 6. Be3 Bg7 7. Be2 e5 8. Nbd2 a6
9. Nf1 O-O 10. Ng3 b5 11. Qd2 Re8 12. Nh2 Be6 13. h4 h5 14. Bg5 Qd7 15. O-O b4
16. f4 exf4 17. Bxf4 bxc3 18. bxc3 Ne5 19. d4 Nc4 20. Qd1 d5 21. Bxc4 dxc4 22.
d5 Bg4 23. Nxg4 Nxg4 24. Qd2 Ne5 25. Bh6 Qg4 26. Bxg7 Kxg7 {(=)} 27. Qf4 Qxf4
28. Rxf4 Rab8 29. Kf1 Rb2 30. Rf2 Reb8 31. Ne2 Ng4 32. Rf3 Rb1+ 0-1

[Event "2024 Fred Maris Cup (Division B)"]
[Site "Woodvale, Perth WA AUS"]
[Date "2024.07.03"]
[Round "4"]
[White "Elkington, Derek"]
[Black "Deng, Eric"]
[Result "1-0"]
[ECO "B41"]
[WhiteElo "1876"]
[BlackElo "1886"]
[PlyCount "77"]
[EventDate "2024.06.12"]
[EventType "tourn"]
[EventRounds "5"]
[EventCountry "AUS"]
[TimeControl "3600+30"]

1. e4 c5 2. Nf3 Nc6 3. d4 cxd4 4. Nxd4 e6 5. c4 a6 6. Nc3 Be7 7. Be3 Nf6 8. f3
O-O 9. Qd2 d5 10. cxd5 exd5 11. Nxc6 bxc6 12. e5 Nd7 13. f4 Nc5 14. Be2 Bf5 15.
O-O a5 16. g4 Be4 17. f5 f6 18. e6 Qc7 19. Bf4 Qb6 20. Be3 a4 21. Rac1 Rfb8 22.
Nd1 Bd6 23. Rf2 Ra5 24. Bd4 Be5 25. Bxe5 fxe5 26. Qg5 h6 27. Qh5 Qd8 28. Qf7+
Kh8 29. f6 Qf8 30. Qxf8+ Rxf8 31. e7 Nd7 32. exf8=Q+ Nxf8 33. Rxc6 gxf6 34.
Rcxf6 Ng6 35. Nc3 Nf4 36. Nxe4 dxe4 37. R2xf4 exf4 38. Rxf4 Re5 39. Kf2 1-0

[Event "2024 Fred Maris Cup (Division C)"]
[Site "Woodvale, Perth WA AUS"]
[Date "2024.07.03"]
[Round "4"]
[White "Bhatia, Abhay"]
[Black "Roebuck, Derek"]
[Result "1-0"]
[ECO "C01"]
[WhiteElo "1694"]
[BlackElo "1752"]
[PlyCount "155"]
[EventDate "2024.06.12"]
[EventType "tourn"]
[EventRounds "5"]
[EventCountry "AUS"]
[TimeControl "3600+30"]

1. c4 e5 2. e3 Nf6 3. Nc3 d5 4. d4 exd4 5. exd4 Bf5 6. Qf3 Qd7 7. cxd5 Bb4 8.
d6 c6 9. Bf4 O-O 10. Be2 Nd5 11. a3 Nxf4 12. Qxf4 Bxd6 13. Qd2 Qc7 14. g3 Nd7
15. d5 Nf6 16. Rc1 Ne4 17. Nxe4 Bxe4 18. Bf3 Bxf3 19. Nxf3 Rfe8+ 20. Kf1 Qe7
21. Kg2 cxd5 22. Rhe1 Qf6 23. Qxd5 Rxe1 24. Rxe1 Rb8 25. Qb5 Bf8 26. Ne5 Qb6
27. Qc4 Qe6 28. Qxe6 fxe6 29. Nd7 Rd8 30. Nxf8 Kxf8 31. Rxe6 Rd2 32. b4 Kf7 33.
Re3 Rd5 34. Kf3 a5 35. Ke4 Rd2 36. Rf3+ Ke7 37. bxa5 Re2+ 38. Kf4 Kd6 39. Rd3+
Kc7 40. Rc3+ Kd7 41. Kf3 Re5 42. Rb3 Kc7 43. Rc3+ Kd7 44. Rd3+ Kc7 45. Re3 Rf5+
46. Ke2 Kd7 47. Rd3+ Kc7 48. Rf3 Re5+ 49. Re3 Rxa5 50. Re7+ Kc6 51. Rxg7 Rxa3
52. Rxh7 b5 53. f4 b4 54. Kd2 Ra2+ 55. Kc1 Rf2 56. Rh5 b3 57. h4 Rg2 58. Rg5
Kd6 59. h5 Rh2 60. g4 Rf2 61. Rf5 Rh2 62. Re5 Rf2 63. Rf5 Rh2 64. Rb5 Rh4 65.
Rb6+ Ke7 66. Rg6 Rh2 67. h6 Kf8 68. f5 Kf7 69. g5 Kf8 70. Rg7 Rf2 71. f6 Rh2
72. g6 Rxh6 73. Rf7+ Kg8 74. Rg7+ Kh8 75. Kb2 Rh2+ 76. Kxb3 Rf2 77. Rh7+ Kg8
78. f7+ 1-0

[Event "2024 Fred Maris Cup (Division C)"]
[Site "Woodvale, Perth WA AUS"]
[Date "2024.07.09"]
[Round "4"]
[White "Doshi, Chirag"]
[Black "Gough, Dylan"]
[Result "1/2-1/2"]
[ECO "C01"]
[WhiteElo "1828"]
[BlackElo "1762"]
[PlyCount "80"]
[EventDate "2024.06.12"]
[EventType "tourn"]
[EventRounds "5"]
[EventCountry "AUS"]
[TimeControl "3600+30"]

{Played away from club} 1. e4 e6 2. d4 d5 3. Nc3 Bb4 4. exd5 exd5 5. Bd2 Nf6 6.
Nf3 O-O 7. Be2 h6 8. O-O Bf5 9. Bf4 Bxc3 10. bxc3 Ne4 11. c4 Nc3 12. Qd2 Nxe2+
13. Qxe2 Re8 14. Qd2 dxc4 15. Qb4 Be4 16. Qxc4 Bxf3 17. gxf3 Nd7 18. c3 c6 19.
Rab1 Nb6 20. Qd3 Qd7 21. Kh1 Qe6 22. Rg1 Kh8 23. Be5 Rg8 24. Rg4 Nd7 25. Rxb7
Nxe5 26. dxe5 Rad8 27. Qe2 Rd5 28. Rxa7 f5 29. Rg3 Rxe5 30. Qd2 Re1+ 31. Kg2
Re2 32. Qd4 Qe5 33. Qxe5 Rxe5 34. Rg6 Rc5 35. Rc7 Rxc3 36. Rcxc6 Rxc6 37. Rxc6
Ra8 38. Rc2 Ra5 39. Kf1 Kh7 40. Re2 Kg6 1/2-1/2

[Event "2024 Fred Maris Cup (Division C)"]
[Site "Woodvale, Perth WA AUS"]
[Date "2024.07.03"]
[Round "4"]
[White "Otis, Max"]
[Black "Fokaite, Gabriele"]
[Result "1/2-1/2"]
[ECO "B00"]
[WhiteElo "1620"]
[BlackElo "1762"]
[PlyCount "77"]
[EventDate "2024.06.12"]
[EventType "tourn"]
[EventRounds "5"]
[EventCountry "AUS"]
[TimeControl "3600+30"]

1. e4 b6 2. d4 Bb7 3. Nc3 e6 4. a3 Be7 5. Nf3 Nf6 6. Bd3 O-O 7. O-O d5 8. e5
Ne4 9. Qe1 Nxc3 10. Qxc3 Nd7 11. Re1 c5 12. Be3 Rc8 13. Qd2 cxd4 14. Bxd4 Nc5
15. b4 Nxd3 16. cxd3 Qd7 17. Be3 Rc7 18. d4 Rfc8 19. Rac1 Ba6 20. Rxc7 Rxc7 21.
Bg5 Bxg5 22. Qxg5 h6 23. Qe3 Qc8 24. Qb3 Rc1 25. Qb2 Rxe1+ 26. Nxe1 Qc4 27. h3
Qf1+ 28. Kh2 Qxe1 29. b5 Bxb5 30. Qxb5 Qxf2 31. Qa4 a5 32. Kh1 Kh7 33. Qb5 Qxd4
34. Qb1+ g6 35. Qf1 Qxe5 36. Qxf7+ Qg7 37. Qxe6 d4 38. Qxb6 a4 39. Qb5 1/2-1/2

[Event "2024 Fred Maris Cup (Division D)"]
[Site "Woodvale, Perth WA AUS"]
[Date "2024.07.03"]
[Round "4"]
[White "Knight, Charles"]
[Black "Michael, Ashley"]
[Result "1-0"]
[ECO "B01"]
[WhiteElo "1620"]
[BlackElo "1590"]
[PlyCount "103"]
[EventDate "2024.06.12"]
[EventType "tourn"]
[EventRounds "5"]
[EventCountry "AUS"]
[TimeControl "3600+30"]

1. e4 d5 2. exd5 Nf6 3. Bb5+ c6 4. dxc6 Nxc6 5. Nf3 Bg4 6. Bxc6+ bxc6 7. d3 Qb6
8. Nbd2 e6 9. Nc4 Qc7 10. O-O Bc5 11. Be3 Be7 12. Nce5 Bxf3 13. Qxf3 Rc8 14.
Bf4 Bd6 15. Rfe1 O-O 16. h3 Nd5 17. Bh2 f6 18. Ng4 e5 19. Qg3 f5 20. Nxe5 f4
21. Qg5 h6 22. Qh5 Nf6 23. Qf5 Nd5 24. Qe6+ Kh7 25. Qg6+ Kg8 26. Nc4 Rf6 27.
Re8+ Bf8 28. Rxc8 Qxc8 29. Qe4 Re6 30. Qd4 g5 31. Qxa7 Re7 32. Qa5 Qe6 33. Qd2
Bg7 34. a4 Rb7 35. Re1 Qf5 36. Nd6 Qf6 37. Nxb7 Qxb2 38. Nc5 Bc3 39. Qc1 Qb4
40. Re4 Qxc5 41. Rc4 Qb6 42. g3 f3 43. g4 Qd8 44. Rxc6 Qe8 45. Rxh6 Nb4 46.
Qxg5+ Bg7 47. Be5 Qxe5 48. Qxe5 Bxe5 49. a5 Nxc2 50. Rb6 Bc7 51. Rc6 Bxa5 52.
Rxc2 1-0

[Event "2024 Fred Maris Cup (Division D)"]
[Site "Woodvale, Perth WA AUS"]
[Date "2024.07.03"]
[Round "4"]
[White "Garang, Kuol Awan"]
[Black "Hintz, Steven"]
[Result "0-1"]
[ECO "B21"]
[WhiteElo "1647"]
[BlackElo "1567"]
[PlyCount "176"]
[EventDate "2024.06.12"]
[EventType "tourn"]
[EventRounds "5"]
[EventCountry "AUS"]
[TimeControl "3600+30"]

1. e4 c5 2. f4 d5 3. Bb5+ Bd7 4. Qe2 a6 5. Bxd7+ Qxd7 6. exd5 Qxd5 7. Nc3 Qd8
8. Nf3 Nf6 9. O-O e6 10. f5 Bd6 11. fxe6 O-O 12. Ng5 Qc7 13. exf7+ Kh8 14. g3
Qc6 15. Qd3 Nbd7 16. Qf5 h6 17. Qh3 Be5 18. d3 Bd4+ 19. Rf2 Bxf2+ 20. Kxf2 Ne5
21. Bf4 Nxf7 22. Ne6 Rfe8 23. Re1 Re7 24. Nd8 Qd7 25. Nxf7+ Rxf7 26. Kg2 Qxh3+
27. Kxh3 Rd7 28. Na4 Nd5 29. Bd2 Rd6 30. c4 Nb4 31. Nxc5 Nxd3 32. Nxd3 Rxd3 33.
Bc3 Rd7 34. Re6 Kg8 35. Rb6 Re8 36. Rg6 Kh7 37. Rg4 Re6 38. a4 Rg6 39. Re4 Rc7
40. b4 Rgc6 41. c5 b6 42. cxb6 Rxb6 43. Be1 Rc1 44. Bf2 Rf6 45. Bd4 Rc4 46. Rg4
Rg6 47. Rxg6 Kxg6 48. Bc5 h5 49. Bd6 Rc6 50. Be7 Kf5 51. Kg2 Ke4 52. Bd8 Kd4
53. b5 Rd6 54. Bc7 Re6 55. b6 Re2+ 56. Kf3 Rb2 57. a5 Kd5 58. Kf4 Ke6 59. Kg5
Kf7 60. h4 g6 61. Kf4 Ke6 62. Kg5 Kf7 63. Bf4 Rb5+ 64. Kh6 Rb4 65. Bd2 Rb2 66.
Be1 Rb1 67. Bc3 Rb3 68. Be5 Rb5 69. Bc7 Kf6 70. Kh7 Kf7 71. Bd8 Rxa5 72. Bc7
Rb5 73. Kh6 a5 74. b7 Rxb7 75. Bxa5 Rb5 76. Bd2 Kf6 77. Bc1 Kf5 78. Kg7 Rb7+
79. Kh6 Rb1 80. Bf4 Rb4 81. Bd6 Rg4 82. Bb8 Ke4 83. Kg7 Kf3 84. Kf6 Rxg3 85.
Bxg3 Kxg3 86. Kg5 Kh3 87. Kxg6 Kxh4 88. Kf5 Kg3 0-1

[Event "2024 Fred Maris Cup (Division D)"]
[Site "Woodvale, Perth WA AUS"]
[Date "2024.07.03"]
[Round "4"]
[White "Sethuraman, Jaswanth Ram"]
[Black "Curtis, Calan"]
[Result "0-1"]
[ECO "C01"]
[WhiteElo "1539"]
[BlackElo "1574"]
[PlyCount "52"]
[EventDate "2024.06.12"]
[EventType "tourn"]
[EventRounds "5"]
[EventCountry "AUS"]
[TimeControl "3600+30"]

1. e4 e6 2. Nf3 d5 3. exd5 exd5 4. d4 Bd6 5. Be2 Ne7 6. O-O Nbc6 7. Bg5 f6 8.
Be3 Bf5 9. Nc3 a6 10. Qd2 g5 11. h3 h5 12. Nh2 g4 13. hxg4 hxg4 14. Nxg4 Bxg4
15. Bxg4 f5 16. Bh3 Qd7 17. Bg5 O-O-O 18. Bxe7 Nxe7 19. Qd3 Rdg8 20. Nxd5 Bh2+
21. Kxh2 Nxd5 22. Qf3 f4 23. c4 Ne3 24. fxe3 Rg3 25. Qxf4 Qxh3+ 26. gxh3 Rhxh3#
0-1

[Event "2024 Fred Maris Cup (Division E)"]
[Site "Woodvale, Perth WA AUS"]
[Date "2024.07.03"]
[Round "4"]
[White "Brooke, John"]
[Black "Hagendoorn, Mark"]
[Result "0-1"]
[ECO "A80"]
[WhiteElo "1407"]
[BlackElo "1552"]
[PlyCount "82"]
[EventDate "2024.06.12"]
[EventType "tourn"]
[EventRounds "5"]
[EventCountry "AUS"]
[TimeControl "3600+30"]

1. d4 f5 2. Nf3 d6 3. Nc3 c6 4. e3 Nf6 5. Bc4 g6 6. a3 Bg7 7. Ng5 d5 8. Ba2 h6
9. Nf3 Ne4 10. Ne2 Nd7 11. b4 e5 12. Bb2 Qe7 13. c4 exd4 14. Nexd4 Ndf6 15. h3
Bd7 16. Qc2 Rc8 17. c5 O-O 18. Nd2 Kh7 19. Rg1 Rce8 20. N2b3 f4 21. O-O-O fxe3
22. f3 Ng3 23. Ne2 Bf5 24. Rd3 Bxd3 25. Qxd3 Nxe2+ 26. Qxe2 Nh5 27. Bb1 Ng3 28.
Qd3 Bxb2+ 29. Kxb2 Qf6+ 30. Ka2 Re7 31. Re1 Rfe8 32. Nd4 e2 33. Nc2 Qf5 34. Qb3
Qf4 35. Qb2 Qd2 36. Qf6 Nf5 37. g4 Ne3 38. Qf4 d4 39. Qh2 Nxc2 40. Bxc2 Qxc2+
41. Ka1 Qc3+ 0-1

[Event "2024 Fred Maris Cup (Division E)"]
[Site "Woodvale, Perth WA AUS"]
[Date "2024.07.03"]
[Round "4"]
[White "Leech, Martin"]
[Black "Boswarva, Ernest"]
[Result "1-0"]
[ECO "B07"]
[WhiteElo "1557"]
[BlackElo "1452"]
[PlyCount "81"]
[EventDate "2024.06.12"]
[EventType "tourn"]
[EventRounds "5"]
[EventCountry "AUS"]
[TimeControl "3600+30"]

1. e4 d6 2. d4 Nf6 3. Nc3 Nbd7 4. Bc4 e5 5. Nge2 Be7 6. O-O c6 7. Be3 b5 8. Bd3
a5 9. a3 Bb7 10. dxe5 Nxe5 11. Ng3 Nxd3 12. cxd3 Bc8 13. f3 O-O 14. Rc1 Nd7 15.
Nf5 Re8 16. Ne2 Ne5 17. Neg3 Bf8 18. f4 g6 19. fxe5 gxf5 20. Nxf5 dxe5 21. Rxc6
Ra6 22. Rxa6 Bxa6 23. Nh6+ Bxh6 24. Bxh6 Re6 25. Be3 b4 26. Qf3 Qe7 27. axb4
axb4 28. Rd1 Rf6 29. Qe2 Qd7 30. Bc5 b3 31. Qe3 Rc6 32. Qg3+ Rg6 33. Qxe5 Qg4
34. Qe8+ Kg7 35. Qf8+ Kf6 36. Rf1+ Kg5 37. Qe7+ Kh6 38. Be3+ Kh5 39. Rf5+ Rg5
40. Rxg5+ Qxg5 41. Qxg5# 1-0

[Event "2024 Fred Maris Cup (Division F)"]
[Site "Woodvale, Perth WA AUS"]
[Date "2024.07.03"]
[Round "4"]
[White "Gough, Sebastian"]
[Black "Porteus, Grant"]
[Result "0-1"]
[ECO "D30"]
[WhiteElo "1191"]
[BlackElo "1228"]
[PlyCount "142"]
[EventDate "2024.06.12"]
[EventType "swiss"]
[EventRounds "5"]
[EventCountry "AUS"]
[TimeControl "3600+30"]

1. d4 d5 2. c4 e6 3. Bf4 c5 4. e3 Nc6 5. cxd5 exd5 6. Bb5 Qb6 7. Qb3 Nge7 8.
Bxc6+ Qxc6 9. dxc5 Ng6 10. Nf3 Nxf4 11. exf4 Be6 12. Ne5 Qa6 13. Nc3 Bxc5 14.
Qb5+ Qxb5 15. Nxb5 Bb4+ 16. Ke2 O-O 17. Nc7 Rac8 18. Nxe6 fxe6 19. Rac1 Rxc1
20. Rxc1 Rxf4 21. Rc8+ Rf8 22. Rxf8+ Kxf8 23. a3 Bd6 24. f4 Ke7 25. Nd3 g5 26.
fxg5 Bxh2 27. Kf3 Bc7 28. Kg4 Kf7 29. Nf4 d4 30. Ne2 Be5 31. Nc1 Kg6 32. Nd3
Bd6 33. g3 e5 34. Nf2 Bf8 35. Ne4 d3 36. Kf3 h6 37. gxh6 Bxh6 38. g4 d2 39. Ke2
Bf4 40. Kd1 Bh6 41. Nxd2 Kg5 42. Nc4 Bg7 43. Ne3 Kf4 44. Ke2 e4 45. b3 Bd4 46.
Nc2 Bb2 47. a4 Kxg4 48. Ne3+ Kf4 49. Nc4 Bd4 50. Nd6 b6 51. Nc8 a6 52. Nd6 a5
53. Nc4 Bc5 54. Nd2 Ke5 55. Nc4+ Kd4 56. Kd2 Bb4+ 57. Ke2 Kc3 58. Nxb6 Kxb3 59.
Nd5 Bc5 60. Nf6 e3 61. Nd7 Ba7 62. Ne5 Kxa4 63. Nc6 Bb6 64. Ne5 Kb5 65. Nd3 a4
66. Nb2 a3 67. Nd1 Kc4 68. Nxe3+ Bxe3 69. Kd1 Kc3 70. Ke2 Bd2 71. Kd1 a2 0-1

[Event "2024 Fred Maris Cup (Division F)"]
[Site "Woodvale, Perth WA AUS"]
[Date "2024.07.03"]
[Round "4"]
[White "Frankland, David"]
[Black "Markou, Victor"]
[Result "1-0"]
[ECO "C20"]
[WhiteElo "1145"]
[BlackElo "1042"]
[PlyCount "61"]
[EventDate "2024.06.12"]
[EventType "swiss"]
[EventRounds "5"]
[EventCountry "AUS"]
[TimeControl "3600+30"]

1. e4 e5 2. h3 Nc6 3. a3 Nf6 4. d3 g6 5. Bd2 Bg7 6. Be2 O-O 7. g4 Re8 8. g5 Nh5
9. Bxh5 gxh5 10. Qxh5 Nd4 11. Kd1 Ne6 12. h4 Nf4 13. Nc3 d5 14. Bxf4 exf4 15.
Nxd5 Be6 16. Nxf4 Qd7 17. Nxe6 Qxe6 18. Rb1 Rad8 19. Ne2 Qxe4 20. Kd2 Qe5 21.
Rhe1 Qf5 22. f3 Qc5 23. Qg4 Qd5 24. Nf4 Qd4 25. Rxe8+ Rxe8 26. Qg3 Qe3+ 27. Kd1
Be5 28. Nd5 Qd4 29. Nf6+ Bxf6 30. gxf6+ Kf8 31. Qg7# 1-0

[Event "2024 Fred Maris Cup (Division F)"]
[Site "Woodvale, Perth WA AUS"]
[Date "2024.07.03"]
[Round "4"]
[White "Hounsome, David"]
[Black "Rennie, Mike"]
[Result "1-0"]
[ECO "A01"]
[WhiteElo "1393"]
[BlackElo "923"]
[PlyCount "61"]
[EventDate "2024.06.12"]
[EventType "swiss"]
[EventRounds "5"]
[EventCountry "AUS"]
[TimeControl "3600+30"]

1. b3 e5 2. Bb2 d6 3. e3 Nf6 4. d4 Be7 5. Nd2 Be6 6. dxe5 dxe5 7. Bxe5 Bd6 8.
Ngf3 h6 9. Nc4 Nc6 10. Nxd6+ cxd6 11. Bxd6 Qa5+ 12. Qd2 Ne4 13. Qxa5 Nxa5 14.
Bb4 b6 15. Bxa5 bxa5 16. c4 Bd7 17. Bd3 Nc5 18. Bc2 g6 19. O-O f5 20. Ne5 Ke7
21. Nxg6+ Kf6 22. Nxh8 Rxh8 23. Rad1 Rg8 24. Rd5 Rc8 25. Rfd1 Ke7 26. Bxf5 Bxf5
27. Rxf5 Ne6 28. Rxa5 Rc7 29. Rh5 Nc5 30. Rxh6 Ne4 31. Rh7+ 1-0

[Event "2024 Fred Maris Cup (Division A)"]
[Site "Woodvale, Perth WA AUS"]
[Date "2024.07.17"]
[Round "5"]
[White "Plaganyi, Gyula"]
[Black "Saxon, Marc"]
[Result "1/2-1/2"]
[ECO "A16"]
[WhiteElo "2017"]
[WhiteTitle "CM"]
[BlackElo "2026"]
[PlyCount "51"]
[EventDate "2024.06.12"]
[EventType "tourn"]
[EventRounds "5"]
[EventCountry "AUS"]
[TimeControl "3600+30"]

1. c4 Nf6 2. Nc3 d5 3. cxd5 Nxd5 4. e4 Nxc3 5. dxc3 Qxd1+ 6. Kxd1 Nd7 7. Be3
Nf6 8. f3 Bd7 9. Bc4 e6 10. Ne2 O-O-O 11. Kc2 c5 12. a4 Bc6 13. Rhd1 Rxd1 14.
Kxd1 Be7 15. Kc2 Rd8 16. Nc1 Nd7 17. Nd3 b6 18. Ba6+ Bb7 19. Bxb7+ Kxb7 20. c4
Bf6 21. Rd1 Ne5 22. b3 Nc6 23. h3 Nd4+ 24. Bxd4 Rxd4 25. Nf4 Rxd1 26. Kxd1
1/2-1/2

[Event "2024 Fred Maris Cup (Division A)"]
[Site "Woodvale, Perth WA AUS"]
[Date "2024.07.17"]
[Round "5"]
[White "Gibson, Jacob"]
[Black "Taylor, Leon"]
[Result "1-0"]
[ECO "B01"]
[WhiteElo "2023"]
[BlackElo "2098"]
[PlyCount "85"]
[EventDate "2024.06.12"]
[EventType "tourn"]
[EventRounds "5"]
[EventCountry "AUS"]
[TimeControl "3600+30"]

1. e4 d5 2. exd5 Qxd5 3. Nc3 Qa5 4. d4 Nf6 5. Nf3 c6 6. Ne5 Bf5 7. g4 Bg6 8. h4
Nbd7 9. Nc4 Qc7 10. h5 Be4 11. Nxe4 Nxe4 12. Qf3 Nd6 13. Bf4 b5 14. Ne5 Nxe5
15. dxe5 Nc4 16. Bxc4 bxc4 17. e6 Qa5+ 18. c3 Qd5 19. exf7+ Kxf7 20. Ke2 Qxf3+
21. Kxf3 Rd8 22. Rad1 Rd5 23. Ke4 e6 24. Rd4 Bc5 25. Rxc4 Rc8 26. Be3 Bxe3 27.
fxe3 Rg5 28. Kf4 h6 29. Rb4 Rc7 30. Rd1 Rd5 31. Rxd5 exd5 32. Ke5 Re7+ 33. Kd6
Re6+ 34. Kc5 Kf6 35. Ra4 Rxe3 36. Kxc6 Re4 37. Rxa7 Rxg4 38. b4 Ke6 39. Rc7 g5
40. hxg6 Rc4+ 41. Kb6 Rxc7 42. Kxc7 h5 43. g7 1-0

[Event "2024 Fred Maris Cup (Division A)"]
[Site "Woodvale, Perth WA AUS"]
[Date "2024.07.17"]
[Round "5"]
[White "Selby, Michael"]
[Black "Clarke, Daniel"]
[Result "1-0"]
[ECO "D00"]
[WhiteElo "1899"]
[BlackElo "1960"]
[PlyCount "83"]
[EventDate "2024.06.12"]
[EventType "tourn"]
[EventRounds "5"]
[EventCountry "AUS"]
[TimeControl "3600+30"]

1. f4 d5 2. Nf3 Nf6 3. d4 c5 4. e3 Nc6 5. c3 e6 6. Bd3 Be7 7. Ne5 c4 8. Bc2 Bd7
9. O-O g6 10. Nd2 a6 11. Qf3 Qc7 12. b3 b5 13. e4 Rb8 14. bxc4 bxc4 15. g4 Rb5
16. Nxd7 Kxd7 17. e5 Ne8 18. a4 Rb7 19. f5 gxf5 20. gxf5 Kc8 21. Qh3 Qd7 22.
Kh1 Bg5 23. Nf3 Bxc1 24. Raxc1 Rg8 25. Qxh7 Rg7 26. Qh5 f6 27. fxe6 Qe7 28.
exf6 Nxf6 29. Qf5 Ne8 30. Qxd5 Qc7 31. Be4 Na5 32. Rb1 Rxb1 33. Rxb1 Nb3 34.
Qa8+ Qb8 35. Qxa6+ Kd8 36. Qxc4 Nd6 37. Rxb3 Qa7 38. Qd5 Ke7 39. Ne5 Qxa4 40.
Nc6+ Ke8 41. Rb8+ Nc8 42. Rxc8# 1-0

[Event "2024 Fred Maris Cup (Division B)"]
[Site "Woodvale, Perth WA AUS"]
[Date "2024.07.17"]
[Round "5"]
[White "Deng, Eric"]
[Black "De Yaak, Peter"]
[Result "1-0"]
[ECO "E01"]
[WhiteElo "1886"]
[BlackElo "1855"]
[PlyCount "87"]
[EventDate "2024.06.12"]
[EventType "tourn"]
[EventRounds "5"]
[EventCountry "AUS"]
[TimeControl "3600+30"]

1. Nf3 d5 2. d4 Nf6 3. g3 e6 4. Bg2 c5 5. c4 cxd4 6. Nxd4 dxc4 7. Qa4+ Nbd7 8.
Qxc4 Be7 9. O-O O-O 10. Rd1 Nb6 11. Qc2 Nbd5 12. Nc3 Bd7 13. Nxd5 Nxd5 14. e4
Rc8 15. Qe2 Nb6 16. Be3 Qe8 17. e5 Nd5 18. Nf5 Bb5 19. Nxe7+ Qxe7 20. Qxb5 Nxe3
21. fxe3 b6 22. h4 Rc5 23. Qd7 Qxd7 24. Rxd7 Rxe5 25. Rxa7 Rxe3 26. Kf2 Rd3 27.
Re1 g6 28. Rb7 Rd6 29. Re2 Rc8 30. Bf3 h5 31. a3 Rc5 32. b4 Rc3 33. Re3 Rc2+
34. Be2 Kf8 35. Rf3 f5 36. a4 Ra2 37. Rc3 Rd8 38. Rxb6 Kf7 39. a5 Rd7 40. a6
Kf6 41. b5 Re7 42. Rb7 Kf7 43. Rxe7+ Kxe7 44. b6 1-0

[Event "2024 Fred Maris Cup (Division B)"]
[Site "Woodvale, Perth WA AUS"]
[Date "2024.07.17"]
[Round "5"]
[White "Wolstencroft, Alan"]
[Black "Elkington, Derek"]
[Result "1-0"]
[ECO "B23"]
[WhiteElo "1864"]
[BlackElo "1876"]
[PlyCount "145"]
[EventDate "2024.06.12"]
[EventType "tourn"]
[EventRounds "5"]
[EventCountry "AUS"]
[TimeControl "3600+30"]

1. e4 c5 2. Nf3 d6 3. d4 cxd4 4. Nxd4 Nf6 5. Nc3 g6 6. Bc4 Bg7 7. f3 Nc6 8. Be3
Bd7 9. Qd2 h5 10. O-O-O Qa5 11. Kb1 Rc8 12. Bb3 Ne5 13. h3 Nc4 14. Bxc4 Rxc4
15. g4 Bc6 16. Nb3 Qa6 17. Qd3 Nd7 18. Nd5 Bxd5 19. Qxd5 Ra4 20. Nc5 Nxc5 21.
Bxc5 Ra5 22. b4 Rb5 23. Qd3 Qa4 24. c4 Rxb4+ 25. Bxb4 Qxb4+ 26. Qb3 Qc5 27.
Qb5+ Qc6 28. Rd3 hxg4 29. fxg4 Kd7 30. Rb3 Rb8 31. Rf1 f6 32. Rf2 a6 33. Qxc6+
Kxc6 34. Kc2 Kc5 35. Kd3 b6 36. a4 Rh8 37. Rf3 Rh4 38. Ke2 Bh6 39. Kd3 Bg5 40.
Kc3 e5 41. Rd3 Kc6 42. Rb1 Rh8 43. Rbd1 Rd8 44. Kb4 a5+ 45. Kb3 Bh4 46. Rd5 Bg5
47. Kc3 Bh4 48. R1d3 Bf2 49. Rd1 Bh4 50. Rb5 Bg5 51. Kd3 Bh4 52. Ke2 Rh8 53.
Rdb1 Bg5 54. R1b3 Kc7 55. Rxb6 Rxh3 56. Rb7+ Kc6 57. Rxh3 Kxb7 58. Rh7+ Kc6 59.
Kd3 Kb6 60. Rh8 Kc6 61. Rb8 Bh4 62. Ke2 Kc5 63. Rb5+ Kxc4 64. Rxa5 Kd4 65. Kf3
Bg5 66. Rd5+ Kc4 67. a5 f5 68. gxf5 gxf5 69. Rxd6 Kc5 70. Rg6 fxe4+ 71. Kxe4
Bd8 72. a6 Bb6 73. Rg7 1-0

[Event "2024 Fred Maris Cup (Division C)"]
[Site "Woodvale, Perth WA AUS"]
[Date "2024.07.17"]
[Round "5"]
[White "Gough, Dylan"]
[Black "Otis, Max"]
[Result "1/2-1/2"]
[ECO "A35"]
[WhiteElo "1762"]
[BlackElo "1620"]
[PlyCount "50"]
[EventDate "2024.06.12"]
[EventType "tourn"]
[EventRounds "5"]
[EventCountry "AUS"]
[TimeControl "3600+30"]

1. d4 Nf6 2. c4 c5 3. e3 g6 4. Nc3 Bg7 5. Nf3 O-O 6. Be2 cxd4 7. exd4 d5 8.
cxd5 Nxd5 9. O-O Nc6 10. Bc4 Nb6 11. d5 Nxc4 12. dxc6 Qxd1 13. Rxd1 bxc6 14.
Re1 e6 15. Nd2 Ba6 16. Nxc4 Bxc4 17. Be3 Rfd8 18. Rac1 Rd3 19. Na4 Bxa2 20.
Rxc6 {(=)} Bd5 21. Rc7 Be5 22. Rxa7 Rxa7 23. Bxa7 Rd2 24. Nc3 Bxc3 25. bxc3 f6
1/2-1/2

[Event "2024 Fred Maris Cup (Division C)"]
[Site "Woodvale, Perth WA AUS"]
[Date "2024.07.17"]
[Round "5"]
[White "Roebuck, Derek"]
[Black "Doshi, Chirag"]
[Result "1/2-1/2"]
[ECO "C50"]
[WhiteElo "1752"]
[BlackElo "1828"]
[PlyCount "91"]
[EventDate "2024.06.12"]
[EventType "tourn"]
[EventRounds "5"]
[EventCountry "AUS"]
[TimeControl "3600+30"]

1. e4 e5 2. Nf3 Nc6 3. Bc4 d6 4. d4 exd4 5. Nxd4 Be7 6. Nxc6 bxc6 7. O-O Nf6 8.
Nc3 O-O 9. Be3 Be6 10. Bxe6 fxe6 11. Qe2 e5 12. Rad1 Qe8 13. f3 Kh8 14. Qc4 Nh5
15. Ne2 c5 16. f4 exf4 17. Nxf4 Bg5 18. g3 Bxf4 19. Bxf4 Nxf4 20. Rxf4 Rxf4 21.
gxf4 Qh5 22. Qd5 Qg4+ 23. Kh1 Qf3+ 24. Kg1 Re8 25. Rf1 Qxe4 26. Qxe4 Rxe4 27.
Rf2 g6 28. Kg2 Re3 29. Rd2 Kg7 30. Kf2 Re7 31. Rd3 Kf6 32. Ra3 c6 33. Ra6 Rc7
34. Kf3 Kf5 35. h3 h5 36. a3 g5 37. Ra4 d5 38. fxg5 Kxg5 39. h4+ Kg6 40. Ra6
Kf5 41. b3 Ke5 42. Ke3 Kd6 43. Kf4 Rg7 44. Kf3 d4 45. Ra5 Re7 46. Kf2 1/2-1/2

[Event "2024 Fred Maris Cup (Division D)"]
[Site "Woodvale, Perth WA AUS"]
[Date "2024.07.17"]
[Round "5"]
[White "Curtis, Calan"]
[Black "Knight, Charles"]
[Result "0-1"]
[ECO "B13"]
[WhiteElo "1574"]
[BlackElo "1620"]
[PlyCount "97"]
[EventDate "2024.06.12"]
[EventType "tourn"]
[EventRounds "5"]
[EventCountry "AUS"]
[TimeControl "3600+30"]

1. e4 c6 2. d4 d5 3. exd5 cxd5 4. Bd3 Nc6 5. c3 Nf6 6. h3 e6 7. Bf4 Bd6 8. Bxd6
Qxd6 9. Nf3 e5 10. dxe5 Nxe5 11. Nxe5 Qxe5+ 12. Qe2 Qxe2+ 13. Kxe2 O-O 14. Re1
Re8+ 15. Kf1 Bd7 16. Nd2 g6 17. Kg1 Re6 18. Nf1 Rae8 19. Ne3 Nh5 20. Bc2 Nf4
21. Rad1 Bb5 22. a4 Bc6 23. Rd4 Rf6 24. Bb3 Re5 25. Kf1 b5 26. Red1 bxa4 27.
Bxd5 Nxd5 28. Nxd5 Rfe6 29. Nc7 Re7 30. Nd5 Bxd5 31. Rxd5 Rxd5 32. Rxd5 Rb7 33.
Rd2 Kg7 34. Rc2 Kf6 35. Ke2 Ke5 36. Kd3 Kd5 37. c4+ Kc5 38. Kd2 Rd7+ 39. Kc3
Rd4 40. b4+ axb3 41. Kxb3 Rd3+ 42. Ka4 h5 43. h4 Rd4 44. Kb3 Rxh4 45. Ra2 Rxc4
46. Rxa7 Rf4 47. f3 Kd4 48. Ra4+ Ke3 49. Ra2 0-1